Description

Force out stalkers with banshee then counter with marauder. Safe marine opening early. Focus on economic, harass, and scouting.

Replay - (TvP) Maruader Banshee Benchmark

Build Order

Get SALT Encoding   

  12  0:00  SCV  
  13  0:13  SCV  
  14  0:17  Supply Depot  
  14  0:25  SCV  
  15  0:30  Refinery  
  15  0:38  SCV  
  16  0:44  Barracks  
  16  0:50  SCV  
  17  1:02  SCV  
  18  1:15  SCV  
  19  1:31  Orbital Command  
  19  1:32  Reaper  
  20  1:46  Command Center  
  20  1:56  Factory  
  20  2:00  SCV  
  20  2:08  Barracks Reactor  
  20  2:10  Supply Depot  
  20  2:12  SCV  
  21  2:22  Refinery  
  21  2:25  SCV  
  22  2:41  Bunker  
  23  2:45  Marine x2, Starport  
  26  2:59  Factory Tech Lab  
  26  3:02  Orbital Command  
  27  3:12  Marine x2  
  30  3:27  Barracks  
  30  3:31  Banshee  
  36  3:43  Cloaking Field  
  36  3:44  Marine x2  
  36  3:46  Factory Tech Lab  
  39  3:51  Barracks  
  39  4:00  Supply Depot  
  41  4:11  Marine x2  
  41  4:13  Barracks  
  41  4:14  Factory Tech Lab  
  44  4:21  Banshee  
  44  4:23  Supply Depot  
  48  4:29  Supply Depot  
  49  4:36  Refinery  
  50  4:38  Engineering Bay  
  50  4:43  Marine x2  
  53  4:48  Marauder  
  53  4:51  Stimpack  
  57  4:55  Factory Tech Lab  
  57  5:01  Barracks  
  58  5:09  Barracks  
  58  5:12  Marauder  
  58  5:14  Starport Reactor  
  62  5:23  Terran Infantry Weapons Level 1  
  65  5:40  Marauder x2  
  72  5:53  Medivac x2  
  72  5:55  Command Center  
  76  6:03  Refinery  
  78  6:06  Marauder x2  
  78  6:08  Concussive Shells  
  82  6:22  Marauder x2  
  86  6:28  Marauder  
  92  6:36  Marauder  
  94  6:42  Medivac x2  
  102  6:50  Combat Shield  
  106  7:14  Medivac  
  114  7:20  Medivac  
  122  7:37  Terran Infantry Armor Level 1  
  122  7:41  Engineering Bay  
  122  7:42  Armory  
  122  7:48  Orbital Command  
  126  8:18  Medivac x2  
  142  8:35  Factory Tech Lab  
  150  8:44  Terran Infantry Weapons Level 2, Ghost Academy  
  150  8:54  Refinery x2  
  152  8:58  Command Center  
  169  9:46  Medivac  
  171  9:58  Siege Tank  
Spawning Tool Build Advisor. Get it on Overwolf

Analysis

Scout transition to High Templar, or Colossus. Counter with viking, or ghost.

Go to:

Details

  • Created by: silverhorn  
  • Published on: Jan 08, 2019
  • Modified on: Jan 08, 2019
  • Patch: 4.7.1
Show
View Real Time Build Order
Export as new Build Order

Comments (0)

There are no comments. Be the first!

Create an account to comment!